 Dungeon Crawl Stone Soup version 0.31-a0-354-g827e0957a7 (webtiles) character file.

Game seed: 7712298383906903998

3060 AdnanSaban the Basher (level 9, -8/55 HPs)
             Began as a Gargoyle Fighter on July 24, 2023.
             Was a Follower of Okawaru.
             Mangled by a vault guard
             ... wielding a +0 broad axe
              (12 damage)
             ... on level 7 of the Dungeon.
             The game lasted 00:08:05 (6378 turns).

AdnanSaban the Basher (Gargoyle Fighter)            Turns: 6378, Time: 00:08:06

Health: -8/55      AC: 18    Str: 24    XL:     9   Next: 87%
Magic:  9/9        EV:  8    Int:  9    God:    Okawaru [*.....]
Gold:   253        SH:  9    Dex:  9    Spells: 8/8 levels left

rFire   + . .        t - +2 whip (elec)
rCold   + . .        v - +0 kite shield
rNeg    + . .        G - +0 chain mail
rPois   ∞            h - +0 helmet
rElec   +            c - scarf {rC+ rF+}
rCorr   .            (no gloves)
SInv    .            (no boots)
Will    .....        (no amulet) Stlth
                     (no ring)
HPRegen 0.29/turn    (no ring)
MPRegen 0.11/turn

%: no passive effects
@: no status effects
A: sickness immunity, AC +6, negative energy resistance 1, electricity
resistance, torment resistance 1, petrification resistance
a: Renounce Religion, Heroism


You were on level 7 of the Dungeon.
You worshipped Okawaru.
Okawaru was aware of your devotion.
You visited 2 branches of the dungeon, and saw 8 of its levels.
You also visited: Ossuary and Bailey.

You collected 253 gold pieces.

Inventory:

Hand Weapons
 t - a +2 whip of electrocution (weapon)
Missiles
 m - 2 throwing nets
 I - 8 poisoned darts (quivered)
 J - 6 boomerangs
Armour
 c - a scarf of resistance (worn)
 h - a +0 helmet (worn)
 v - a +0 kite shield (worn)
 G - a +0 chain mail (worn)
Wands
 C - a wand of acid (8)
Scrolls
 g - 3 scrolls of teleportation {unknown}
 i - 3 scrolls of blinking {unknown}
 l - a scroll of poison {unknown}
 n - 8 scrolls of identify {unknown}
 p - 2 scrolls of revelation {unknown}
 s - 2 scrolls of fear {unknown}
 w - 2 scrolls of butterflies {unknown}
 y - 2 scrolls of enchant weapon {unknown}
 z - 2 scrolls of enchant armour {unknown}
 B - a scroll of torment {unknown}
 D - 2 scrolls of immolation {unknown}
 E - a scroll of brand weapon {unknown}
 F - 2 scrolls of fog {unknown}
 H - a scroll of noise {unknown}
Potions
 a - 4 potions of magic {unknown}
 b - a potion of cancellation {unknown}
 d - 4 potions of might
 e - 2 potions of invisibility {unknown}
 f - 4 potions of heal wounds {unknown}
 j - 3 potions of degeneration {unknown}
 k - 2 potions of resistance {unknown}
 o - 2 potions of lignification {unknown}
 q - 4 potions of mutation {unknown}
 r - 4 potions of enlightenment {unknown}
 u - 10 potions of curing {unknown}
 x - a potion of attraction {unknown}
 A - a potion of ambrosia {unknown}


   Skills:
 + Level 6.3 Fighting
 + Level 8.3 Maces & Flails
 + Level 7.4 Armour
 + Level 2.8 Dodging
 + Level 7.7 Shields


You had 8 spell levels left.
You didn't know any spells.
Your spell library contained the following spells:

 Spells                   Type           Power      Damage    Failure   Level
 Apportation              Tloc           0%         N/A       98%         1
 Magic Dart               Conj           0%         1d3       98%         1
 Necrotise                Necr           0%         1d4       98%         1
 Poisonous Vapours        Pois/Air       0%         N/A       99%         2
 Searing Ray              Conj           0%         2d4       99%         2
 Ignite Poison            Fire/Tmut/Pois 0%         N/A       100%        3
 Mephitic Cloud           Conj/Pois/Air  0%         N/A       100%        3
 Fulminant Prism          Conj/Hex       0%         3d5       100%        4
 Freezing Cloud           Conj/Ice/Air   0%         6-21      100%        5
 Summon Small Mammal      Summ           Unusable   N/A       N/A         1
 Cigotuvi's Dreadful Rot  Necr/Pois/Air  Unusable   N/A       N/A         2

Dungeon Overview and Level Annotations

Branches:
Dungeon (7/15)             Temple (1/1) D:4         Ossuary (visited)
 Bailey (visited)

Altars:
Ashenzari
Cheibriados
Dithmenos
Elyvilon
Fedhas
Gozag
Hepliaklqana
Kikubaaqudgha
Makhleb
Nemelex Xobeh
Okawaru
Qazlal
Ru
Sif Muna
Trog
Uskayaw
Vehumet
Wu Jian
Xom
Yredelemnul
Zin
The Shining One


Innate Abilities, Weirdness & Mutations

You are immune to sickness and miasma.
Your stone body is resilient. (AC +6)
You are immune to poison.
You resist negative energy. (rN+)
You are resistant to electric shocks. (rElec)
You are resistant to unholy torment.
You are immune to petrification.


Message History

Prince Ribbit attacks as you move away! You block Prince Ribbit's attack.
Prince Ribbit closely misses you.
Prince Ribbit blinks!
Prince Ribbit hits you!
You hit Prince Ribbit.
Prince Ribbit is lightly wounded.
Prince Ribbit looks more healthy.
Prince Ribbit blinks!
Prince Ribbit blinks!
You enter the shallow water.
Moving in this stuff is going to be slow.
There is an open door, spattered with blood here.
You see here a bullfrog corpse.
You throw a poisoned dart. The poisoned dart hits the vault guard.
The vault guard is poisoned.
The vault guard attacks as you move away!
The vault guard hits you with a +0 broad axe!
The vault guard attacks as you move away!
The vault guard hits you with a +0 broad axe!
The vault guard looks more healthy.
There is an open door, spattered with blood here.
Items here: ))) [[[ †.
There is a gate leading back out of this place here.
The vault guard hits you but does no damage.
Welcome back to the Dungeon!
There is an empty arch of ancient stone here.
The vault guard attacks as you move away!
The vault guard hits you with a +0 broad axe!
You enter the shallow water.
Moving in this stuff is going to be slow.
You see here a goblin skeleton.
The vault guard hits you with a +0 broad axe!
* * * LOW HITPOINT WARNING * * *
The vault guard attacks as you move away!
The vault guard hits you with a +0 broad axe!
* * * LOW HITPOINT WARNING * * *
The vault guard attacks as you move away!
The vault guard hits you but does no damage.
The vault guard attacks as you move away!
The vault guard hits you with a +0 broad axe!
You die...

#.(..#..###.# #.#.#
#.###.#.# #.###.#.#
####.###.#.# #.....#(#
.........#.# #######.#
####.###.#.# .# #
#.......# # #####.### #
#.###########.############
#
#.......p@..............#.
#
##..)....##############.#.
##### #.≈≈÷≈≈.#
#.....>....... ....#
#.≈...≈.# #.############
###.# #.≈.∩.≈.# #.# #.#
#.≈.>.≈...##.#
#.#.....≈≈≈≈≈.#.##.#
#.#.###.......<..#.# #.#
...#####.##.#.#


You could see a vault guard.

Vanquished Creatures
  3 humans (Bailey)
  2 water moccasins (D:6)
  2 orc warriors
  Duvessa (D:5)
  Pargi (D:4)
  An ice beast (D:6)
  2 black bears
  An ogre (D:5)
  2 phantoms
  8 bullfrogs
  A scorpion (D:5)
  Dowan (D:5)
  2 centaur zombies (Ossuary)
  4 hounds
  5 orc priests
  2 jellies (D:5)
  A human zombie (Ossuary)
  A sleepcap (D:4)
  Ijyb (D:5)
  2 orc wizards
  3 ogre zombies (Ossuary)
  7 mummies (Ossuary)
  5 gnolls
  9 adders
  2 white imps
  An ufetubus (D:7)
  2 adder zombies (Ossuary)
  A dart slug (D:3)
  30 orcs
  7 endoplasms
  A giant cockroach (D:2)
  A gnoll zombie (Ossuary)
  8 goblins
  5 hobgoblins
  16 jackals
  3 kobolds (D:1)
  3 quokkas
  2 ball pythons
  4 bats
  4 frilled lizards
  5 goblin zombies (Ossuary)
  3 hobgoblin zombies (Ossuary)
  6 kobold zombies (Ossuary)
  3 quokka zombies (Ossuary)
  A rat (D:2)
  4 rat zombies (Ossuary)
179 creatures vanquished.

Notes
Turn   | Place    | Note
-------+----------+-------------------------------------------
     0 | D:1      | AdnanSaban the Gargoyle Fighter began the quest for the
                  | Orb.
     0 | D:1      | Reached XP level 1. HP: 14/14 MP: 1/1
    87 | D:1      | Reached XP level 2. HP: 19/19 MP: 2/2
  1087 | D:2      | Identified the +1 dagger "Iseucw Suqyt" {flame, rPois Int+4
                  | SInv}
  1237 | D:2      | Found a sacrificial altar of Ru.
  1396 | D:2      | Reached XP level 3. HP: 23/23 MP: 3/3
  1441 | D:3      | Found a faded altar of an unknown god.
  1699 | D:3      | Reached XP level 4. HP: 28/28 MP: 4/4
  2100 | D:3      | Found a shimmering blue altar of Sif Muna.
  2133 | D:3      | Reached skill level 3 in Maces & Flails
  2190 | D:4      | Found a staircase to the Ecumenical Temple.
  2221 | D:4      | Reached XP level 5. HP: 30/33 MP: 5/5
  2228 | Temple   | Entered the Ecumenical Temple
  2239 | D:4      | Noticed Pargi
  2266 | D:4      | Killed Pargi
  2267 | D:4      | Reached XP level 6. HP: 34/38 MP: 6/6
  2336 | D:4      | Reached skill level 4 in Maces & Flails
  2336 | D:4      | Reached skill level 1 in Dodging
  2467 | D:4      | Found a sand-covered staircase.
  2540 | Ossuary  | Entered an ossuary
  2803 | Ossuary  | Reached XP level 7. HP: 43/43 MP: 7/7
  2912 | Ossuary  | Reached skill level 5 in Shields
  3150 | Ossuary  | Reached skill level 5 in Armour
  3654 | D:5      | Entered Level 5 of the Dungeon
  3654 | D:5      | Noticed Ijyb
  3746 | D:5      | Killed Ijyb
  3747 | D:5      | Reached skill level 5 in Maces & Flails
  3882 | D:5      | Reached XP level 8. HP: 34/48 MP: 8/8
  4077 | D:5      | Reached skill level 5 in Fighting
  4077 | D:5      | Reached skill level 6 in Maces & Flails
  4090 | D:5      | Noticed Duvessa
  4090 | D:5      | Noticed Dowan
  4098 | D:5      | Killed Dowan
  4117 | D:5      | Killed Duvessa
  4769 | D:6      | Reached skill level 7 in Maces & Flails
  4950 | D:6      | Reached XP level 9. HP: 54/54 MP: 9/9
  5399 | D:6      | Found a white marble altar of Elyvilon.
  6037 | D:7      | Found an iron altar of Okawaru.
  6037 | D:7      | Found a broken altar of Ashenzari.
  6038 | D:7      | Found an opulent altar of Gozag.
  6047 | D:7      | Became a worshipper of Warmaster Okawaru
  6058 | D:7      | Found a blossoming altar of Fedhas.
  6095 | D:7      | Found a flagged portal.
  6139 | Bailey   | Entered a bailey
  6235 | Bailey   | Reached * piety under Okawaru
  6236 | Bailey   | Reached skill level 8 in Maces & Flails
  6337 | Bailey   | Noticed a vault guard
  6337 | Bailey   | Noticed Prince Ribbit
  6378 | D:7      | Mangled by a vault guard

Illustrated notes

Levels and vault maps discovered:
D:1:      amcnicky_arrival_blooded_trapdoor, layout_basic
D:2:      layout_basic, basic_altar
D:3:      minmay_razor_zed, layout_rooms, led_sif_pool,
          shapermc_ecumenical_altar_mp_highgroup
D:4:      layout_basic, temple_pool_b, enter_ossuary_1, minivault_26, uniq_pargi
D:5:      layout_cave_pools, uniq_ijyb, uniq_duvessa
D:6:      layout_rooms, nicolae_elyvilon_temple_path
D:7:      layout_loops_ring, nicolae_overflow_quartered_altars, enter_bailey_5
Temple:   compressed_dpeg_triangle_lava_temple

Skill      XL: |  1  2  3  4  5  6  7  8  9 |
---------------+----------------------------+-----
Armour         | 4 5 6 7 |  7.4
Shields        | 4 5 6 7 |  7.7
Maces & Flails | 3 4 5 7 8 |  8.3
Fighting       | 4 5 6 |  6.3
Dodging        | 1 2 |  2.8

Action                     |  1- 3 |  4- 6 |  7- 9 || total
---------------------------+-------+-------+-------++-------
  Melee: Flail             |    72 |       |       ||    72
         Whip              |    56 |   182 |   452 ||   690
  Throw: Dart              |       |       |     4 ||     4
 Armour: Scale mail        |    69 |   102 |   105 ||   276
         Chain mail        |       |       |    52 ||    52
  Dodge: Dodged            |    55 |    56 |   113 ||   224
  Block: Buckler           |    18 |       |       ||    18
         Kite shield       |     8 |    84 |   163 ||   255

Table legend: (Time is in decaauts)
 A = Elapsed time spent in this place.
 B = Non-inter-level travel time spent in this place.
 C = Inter-level travel time spent in this place.
 D = Time resting spent in this place.
 E = Time spent auto-exploring this place.
 F = Levels seen in this place.
 G = Mean time per level.
                   A        B        C        D        E       F      G
               +--------+--------+--------+--------+--------+-----+--------+
         Total |   6370 |   6129 |    241 |    552 |   4113 |  10 |  637.0 |
       Dungeon |   5360 |   5119 |    241 |    458 |   3608 |   7 |  765.7 |
        Temple |      1 |      1 |      0 |      0 |      0 |   1 |    1.0 |
       Ossuary |    792 |    792 |      0 |     38 |    454 |   1 |  792.0 |
        Bailey |    215 |    215 |      0 |     56 |     51 |   1 |  215.0 |
               +--------+--------+--------+--------+--------+-----+--------+

Top non-repeatable levels by time:
     D:1: 1084 daAuts
     D:5: 1001 daAuts
     D:6: 920 daAuts
 Ossuary: 792 daAuts
     D:4: 778 daAuts
     D:3: 735 daAuts
     D:7: 461 daAuts
     D:2: 379 daAuts
  Bailey: 215 daAuts
  Temple: 1 daAuts
